 Dungeon Crawl Stone Soup version 0.21.1-1-g345015f (webtiles) character file.

446 Vasilisck the Conjurer (level 6, -5/35 HPs)
             Began as a Deep Elf Air Elementalist on June 4, 2018.
             Was a Follower of Sif Muna.
             Killed by divine providence
             ... invoked by an orc priest
              (16 damage)
             ... on level 3 of the Dungeon.
             The game lasted 00:18:53 (2939 turns).

Vasilisck the Conjurer (Deep Elf Air Elementalist)  Turns: 2939, Time: 00:18:54

Health: -5/35      AC:  3    Str:  5    XL:     6   Next: 73%
Magic:  8/14       EV: 13    Int: 22    God:    Sif Muna [*.....]
Gold:   140        SH:  0    Dex: 15    Spells: 1/13 levels left

rFire    . . .     SeeInvis +   o - +2 short sword
rCold    . . .     Gourm    .   (no shield)
rNeg     . . .     Faith    .   a - +0 robe
rPois    .         Spirit   .   (no helmet)
rElec    .         Reflect  .   (no cloak)
rCorr    .         Harm     +   (no gloves)
MR       .....                  i - +0 pair of boots
Stlth    ++........             n - amulet of harm
HPRegen  0.11/turn              g - ring of see invisible
MPRegen  0.14/turn              (no ring)

@: swift, quick
A: no striking features
a: Divine Energy, Renounce Religion


You were on level 3 of the Dungeon.
You worshipped Sif Muna.
Sif Muna was aware of your devotion.
You were not hungry.

You visited 1 branch of the dungeon, and saw 3 of its levels.

You collected 140 gold pieces.

Inventory:

Hand Weapons
 e - a +0 dagger
 o - a +2 short sword (weapon)
Armour
 a - a +0 robe (worn)
 i - a +0 pair of boots (worn)
Jewellery
 g - a ring of see invisible (left hand)
 n - an amulet of harm (around neck)
Scrolls
 f - 2 scrolls of teleportation
 k - 2 scrolls of immolation {unknown}
 p - a scroll of enchant weapon {unknown}
 q - a scroll of identify
Potions
 d - a potion of heal wounds
 h - a potion of berserk rage {unknown}
 j - 2 potions of might {unknown}
 l - a potion of curing {unknown}
 m - a potion of brilliance {unknown}
Books
 b - a book of Air

   Spells                             Type                      Level
   a - Shock                          Conjuration/Air              1
   b - Swiftness                      Charms/Air                   2
   c - Static Discharge               Conjuration/Air              3
   d - Airstrike                      Air                          4
   e - Lightning Bolt                 Conjuration/Air              5
Comestibles
 c - 2 rations


   Skills:
 - Level 2.0 Fighting
 - Level 2.6 Dodging
 - Level 2.4 Stealth
 + Level 4.1 Spellcasting
 + Level 4.4 Conjurations
 - Level 4.2 Charms
 + Level 4.2 Air Magic


You had one spell level left.
You knew the following spells:

 Your Spells              Type           Power        Failure   Level  Hunger
a - Shock                 Conj/Air       ###.         1%          1    None
b - Swiftness             Chrm/Air       ###.....     3%          2    #......
c - Lightning Bolt        Conj/Air       ###.......   45%         5    ######.
d - Airstrike             Air            ###.......   19%         4    ####...


Dungeon Overview and Level Annotations

Branches:
Dungeon (3/15)

Altars:
Sif Muna


Message History

Casting: Shock
Confirm with . or Enter, or press ? or * to list all spells.
Aiming: Shock
Press: ? - help, Shift-Dir - straight line, f - orc, p - orc priest
Aim: an orc, wielding a morningstar of venom (severely wounded)
The zap misses the orc priest.
The zap hits the orc wizard.
The orc wizard appears unharmed.
The orc wizard is lightly wounded.
The zap hits the orc.
You kill the orc!
Sif Muna accepts your kill. The orc priest barely misses you.
Casting: Shock
Confirm with . or Enter, or press ? or * to list all spells.
You feel quick.
The orc priest zaps a wand.
You are blasted!
The orc wizard casts a spell.
The orc wizard seems to speed up.
The orc priest mumbles some strange prayers to Beogh against you.
Beogh smites you!
You die...

#...#.##.#).#
#...))†....#
####)##....##
#.##.>.......
#.###...#####
#.###...##
#.#.......
###.#.......#
#...@.........
#.#.##....###.
#.#.# .[.# #
#o# ### #o#
#.#
#..))......
###........
#########


You could see an orc priest and an orc wizard (invisible).

Vanquished Creatures
  5 wights (D:2)
  2 orc priests (D:3)
  2 orc wizards (D:3)
  Natasha (D:2)
  An adder (D:2)
  An adder zombie (D:2)
  2 adder skeletons (D:2)
  A worm (D:3)
  6 leopard geckos
  4 orcs (D:3)
  A bat skeleton (D:2)
  3 giant cockroaches (D:1)
  11 goblins
  6 hobgoblins
  4 jackals (D:1)
  4 kobolds
  A ball python skeleton (D:2)
  11 bats
  A frilled lizard (D:1)
  A leopard gecko skeleton (D:2)
  6 rats
74 creatures vanquished.

Notes
Turn   | Place    | Note
-------+----------+-------------------------------------------
     0 | D:1      | Vasilisck the Deep Elf Air Elementalist began the quest for the Orb.
     0 | D:1      | Reached XP level 1. HP: 10/10 MP: 6/6
   189 | D:1      | Reached XP level 2. HP: 15/15 MP: 6/8
   220 | D:1      | Learned a level 2 spell: Swiftness
   590 | D:1      | Reached XP level 3. HP: 19/19 MP: 8/10
  1188 | D:2      | Reached skill level 1 in Charms
  1237 | D:2      | Found a deep blue altar of Sif Muna.
  1245 | D:2      | Became a worshipper of Sif Muna the Loreminder
  1481 | D:2      | Reached XP level 4. HP: 24/24 MP: 7/11
  1578 | D:2      | Noticed Natasha
  1583 | D:2      | Killed Natasha
  1659 | D:2      | Reached XP level 5. HP: 28/28 MP: 9/13
  1929 | D:2      | Reached XP level 6. HP: 32/32 MP: 11/14
  1956 | D:2      | Learned a level 5 spell: Lightning Bolt
  1961 | D:2      | Learned a level 4 spell: Airstrike
  2652 | D:3      | Reached * piety under Sif Muna
  2703 | D:3      | Reached skill level 1 in Fighting
  2939 | D:3      | Killed from afar by an orc priest

Skill      XL: |  1  2  3  4  5  6 |
---------------+-------------------+-----
Conjurations   | 2 3 4 |  4.4
Charms         | 1 2 4 |  4.2
Spellcasting   | 4 |  4.1
Air Magic      | 4 |  4.2
Fighting       | 2 |  2.0
Dodging        | |  2.6
Stealth        | |  2.4

Action                   |  1- 3 |  4- 6 || total
-------------------------+-------+-------++-------
Melee: Unarmed           |     1 |       ||     1
 Cast: Shock             |    87 |    76 ||   163
       Swiftness         |       |     1 ||     1
       Airstrike         |       |     1 ||     1
  Use: Potion            |     1 |     1 ||     2
       Scroll            |     1 |       ||     1
  Eat: Chunk             |     1 |     2 ||     3
       Ration            |       |     1 ||     1
Armor: Robe              |     1 |       ||     1
Dodge: Dodged            |    21 |     7 ||    28
